 Dungeon Crawl Stone Soup version 0.31-a0-150-g89dc3ad700 (webtiles) character file.

Game seed: 12747130231134602902

333 qw the Shooter (level 6, 0/53 HPs)
             Began as a Minotaur Hunter on June 8, 2023.
             Slain by an orc
             ... wielding a +0 mace
              (1 damage)
             ... on level 4 of the Dungeon.
             The game lasted 00:01:16 (2473 turns).

qw the Shooter (Minotaur Hunter)                    Turns: 2473, Time: 00:01:16

Health: 0/53       AC:  3    Str: 15    XL:     6   Next: 27%
Magic:  5/5        EV: 13    Int:  6    God:
Gold:   215        SH:  0    Dex: 16    Spells: 5/5 levels left

rFire   . . .        Y - +0 shortbow (freeze)
rCold   . . .        (shield currently unavailable)
rNeg    + . .        i - +1 robe {rN+}
rPois   .            (helmet restricted)
rElec   .            (no cloak)
rCorr   .            (no gloves)
SInv    .            (no boots)
Will    .....        (no amulet)
Stlth   ++           (no ring)
HPRegen 0.28/turn    (no ring)
MPRegen 0.09/turn

%: no passive effects
@: no status effects
A: horns 2, retaliatory headbutt
a: no special abilities


You were on level 4 of the Dungeon.
You visited 1 branch of the dungeon, and saw 4 of its levels.
You also visited: Sewer.

You collected 215 gold pieces.


Innate Abilities, Weirdness & Mutations

You have a pair of horns on your head.
You reflexively headbutt those who attack you in melee.


   Skills:
 - Level 4.4 Fighting
 + Level 7.2 Ranged Weapons
 - Level 3.0 Dodging
 - Level 0.7 Stealth


You had 5 spell levels left.
You didn't know any spells.
Your spell library was empty.

Inventory:

Hand Weapons
 Y - a +0 shortbow of freezing (weapon)
Armour
 c - a +0 leather armour
 f - a +0 ring mail
 i - a +1 robe of positive energy (worn)
Jewellery
 g - a ring of fire
Scrolls
 a - a scroll of identify
Potions
 b - 2 potions of haste
 d - a potion of enlightenment {unknown}
 e - 2 potions of might

Dungeon Overview and Level Annotations

Branches:
Dungeon (4/15)              Sewer (visited)
 Temple: D:4-7

Altars:
Dithmenos


Message History

A puff of flame appears from out of thin air!
The puff of flame hits you.
2463 ||| DRINKING 2 potions of heal wounds.
You feel much better. Something hits you but does no damage.
The orc misses you. You furiously retaliate!
You headbutt the orc!
You kill the orc!
You shoot an arrow. Something hits you.
2465 ||| FLEEEEING.
You hear some strange, mumbled words.
You are confused.
Things that are here:
a +0 dagger; a +0 robe Something hits you.
The orc hits you with a +0 mace. The orc closely misses you.
Something hits you but does no damage. Something hits you but does no damage.
The orc wizard misses you. The orc barely misses you.
The orc hits you with a +0 mace. The orc wizard closely misses you.
Something barely misses you. Something hits you.
A sleepcap comes into view.
The orc wizard hits you with a +0 dagger.
The orc hits you with a +0 mace.
2471 ||| DRINKING potion of heal wounds.
You feel much better.
The orc wizard hits you with a +0 dagger.
Something hits you. The orc closely misses you.
You feel less confused. The orc hits you with a +0 mace.
The orc wizard points at you and mumbles some strange words.
The magic dart hits you. Something hits you.
You shoot an arrow.
The arrow closely misses the orc wizard.
You hear some strange, mumbled words.
A puff of flame appears from out of thin air!
The puff of flame hits you!
The orc wizard hits you with a +0 dagger.
The orc hits you with a +0 mace. x2
You die...

.# ######.#
#......#
#....o. #.....
.... #f###
#oo.# #.@{#
#...# #...#
#...# #.### #
#######.###.##.
#..............
+..............
#..............


You could see a sleepcap, an orc wizard and an orc.

Vanquished Creatures
  An orc priest (D:3)
  3 jellies (Sewer)
  An orc wizard (D:4)
  A gnoll (D:3)
  4 adders
  A river rat (Sewer)
  3 worms
  3 dart slugs
  15 orcs
  14 endoplasms
  9 giant cockroaches
  10 goblins
  7 hobgoblins
  2 jackals (D:2)
  A quokka (D:3)
  8 ball pythons
  4 bats
  4 frilled lizards
  4 kobolds
  12 rats
107 creatures vanquished.

Notes
Turn   | Place    | Note
-------+----------+-------------------------------------------
     0 | D:1      | qw the Minotaur Hunter began the quest for the Orb.
     0 | D:1      | Reached XP level 1. HP: 18/18 MP: 0/0
     0 | D:1      | 0 ||| qw: Version: 0.2-a-119-g7aa9181
     0 | D:1      | 0 ||| qw: Game counter: 2881
     0 | D:1      | 0 ||| qw: Always use a shield: true
     0 | D:1      | 0 ||| qw: God list: Okawaru
     0 | D:1      | 0 ||| qw: Allow faded altars: false
     0 | D:1      | 0 ||| qw: Do Orc after D:15 true
     0 | D:1      | 0 ||| qw: Do second Lair branch before Depths: true
     0 | D:1      | 0 ||| qw: Lair rune preference: random
     0 | D:1      | 0 ||| qw: Plans: Normal
     0 | D:1      | 0 ||| PLANNING D:1-11
    66 | D:1      | 66 ||| FLEEEEING.
    83 | D:1      | Reached XP level 2. HP: 25/25 MP: 1/1
   137 | D:1      | Reached skill level 5 in Ranged Weapons
   490 | D:1      | Reached skill level 3 in Fighting
   661 | D:1      | Reached XP level 3. HP: 31/31 MP: 2/2
   833 | D:1      | 833 ||| READING 3 scrolls labelled MEAREI TESI.
   834 | D:1      | 834 ||| READING scroll labelled OTARUC NIETIRA.
   835 | D:1      | 835 ||| READING scroll labelled FIEGGYNOUMP.
   838 | D:1      | 838 ||| READING scroll labelled JIETUD GASCHIW.
   839 | D:1      | 839 ||| READING 2 scrolls of identify.
   839 | D:1      | 839 ||| IDENTIFYING sapphire potion
   840 | D:1      | 840 ||| DROPPING scroll of butterflies.
  1223 | D:2      | 1223 ||| UPGRADING to +1 robe of positive energy.
  1233 | D:2      | 1233 ||| READING scroll labelled VITRECICEJOT.
  1234 | D:2      | 1234 ||| READING scroll labelled PUAFEDY KICOMU.
  1235 | D:2      | 1235 ||| DRINKING 2 fizzy ruby potions.
  1261 | D:3      | 1261 ||| PLANNING SEWER
  1348 | D:3      | Reached skill level 6 in Ranged Weapons
  1348 | D:3      | Reached XP level 4. HP: 30/38 MP: 3/3
  1439 | D:3      | Found a shadowy altar of Dithmenos.
  1536 | D:3      | Reached XP level 5. HP: 47/47 MP: 4/4
  1580 | D:3      | Found a glowing drain.
  1581 | D:3      | 1581 ||| READING scroll labelled BUNUEQ TEOLLIN.
  1582 | D:3      | 1582 ||| READING 3 scrolls of identify.
  1582 | D:3      | 1582 ||| IDENTIFYING grey potion
  1583 | D:3      | 1583 ||| DROPPING potion of brilliance.
  1599 | Sewer    | Entered a sewer
  1686 | Sewer    | 1686 ||| Stepping ~*~*~tactically~*~*~ (water).
  1691 | Sewer    | 1691 ||| Stepping ~*~*~tactically~*~*~ (water).
  1712 | Sewer    | 1712 ||| Stepping ~*~*~tactically~*~*~ (water).
  1723 | Sewer    | 1723 ||| Stepping ~*~*~tactically~*~*~ (water).
  1728 | Sewer    | 1728 ||| Stepping ~*~*~tactically~*~*~ (water).
  1759 | Sewer    | Found a viscous altar of Jiyva.
  1775 | Sewer    | 1775 ||| Stepping ~*~*~tactically~*~*~ (water).
  1777 | Sewer    | 1777 ||| Stepping ~*~*~tactically~*~*~ (water).
  1779 | Sewer    | 1779 ||| Stepping ~*~*~tactically~*~*~ (water).
  1781 | Sewer    | 1781 ||| Stepping ~*~*~tactically~*~*~ (water).
  1791 | Sewer    | 1791 ||| Stepping ~*~*~tactically~*~*~ (water).
  1794 | Sewer    | Reached skill level 7 in Ranged Weapons
  1836 | Sewer    | 1836 ||| Stepping ~*~*~tactically~*~*~ (water).
  1838 | Sewer    | 1838 ||| Stepping ~*~*~tactically~*~*~ (water).
  1840 | Sewer    | 1840 ||| Stepping ~*~*~tactically~*~*~ (water).
  1842 | Sewer    | 1842 ||| Stepping ~*~*~tactically~*~*~ (water).
  1846 | Sewer    | 1846 ||| FLEEEEING.
  1847 | Sewer    | 1847 ||| FLEEEEING.
  1848 | Sewer    | 1848 ||| FLEEEEING.
  1849 | Sewer    | 1849 ||| FLEEEEING.
  1850 | Sewer    | 1850 ||| FLEEEEING.
  1851 | Sewer    | 1851 ||| FLEEEEING.
  1856 | Sewer    | Reached XP level 6. HP: 40/53 MP: 5/5
  1925 | Sewer    | 1925 ||| READING scroll labelled JUFRUEPERUE.
  1926 | Sewer    | 1926 ||| DRINKING 2 black potions.
  1927 | Sewer    | 1927 ||| DRINKING 2 dark potions.
  1928 | Sewer    | 1928 ||| DROPPING potion of invisibility.
  1948 | D:3      | 1948 ||| PLANNING D:1-11
  2335 | D:3      | 2335 ||| READING 2 scrolls of identify.
  2335 | D:3      | 2335 ||| IDENTIFYING white potion
  2336 | D:3      | 2336 ||| DROPPING potion of attraction.
  2397 | D:4      | Reached skill level 3 in Dodging
  2445 | D:4      | 2445 ||| Stepping ~*~*~tactically~*~*~ (outnumbered).
  2448 | D:4      | 2448 ||| Stepping ~*~*~tactically~*~*~ (outnumbered).
  2462 | D:4      | HP: 8/53 [something/puff of flame (6)]
  2463 | D:4      | 2463 ||| DRINKING 2 potions of heal wounds.
  2465 | D:4      | 2465 ||| FLEEEEING.
  2470 | D:4      | HP: 12/53 [orc wizard/+0 dagger (2)]
  2471 | D:4      | 2471 ||| DRINKING potion of heal wounds.
  2473 | D:4      | HP: 5/53 [orc wizard/+0 dagger (3)]
  2473 | D:4      | HP: 1/53 [orc/+0 mace (4)]
  2473 | D:4      | Slain by an orc

Levels and vault maps discovered:
D:1:      amcnicky_arrival_blooded_trapdoor, layout_basic, minmay_quantized
D:2:      layout_rooms
D:3:      layout_basic, grunt_dithmenos_smoke_and_mirrors, portal_sewer_entry_f,
          minmay_bisected
D:4:      layout_gridville, tgw_trog

Skill      XL: |  1  2  3  4  5  6 |
---------------+-------------------+-----
Ranged Weapons | 5 6 7 |  7.2
Fighting       | 3 4 |  4.4
Dodging        | 3 |  3.0
Stealth        | |  0.7

Action                     |  1- 3 |  4- 6 || total
---------------------------+-------+-------++-------
   Fire: Shortbow          |   106 |   151 ||   257
    Use: Scroll            |     7 |     4 ||    11
         Potion            |     1 |     4 ||     5
 Armour: Leather armour    |     6 |       ||     6
         Robe              |     1 |    10 ||    11
  Dodge: Dodged            |    13 |    33 ||    46

Table legend:
 A = Non-vault XP
 B = Vault XP
 C = Vault XP percentage of total XP
 D = Non-vault monster count
 E = Vault monster count
 F = Vault count percentage of total count
                 A         B        C        D         E       F
            +---------+---------+-------+---------+---------+-------
      Total |     246 |     230 |  48.3 |      73 |      34 |  31.8
            +---------+---------+-------+---------+---------+-------
        D:1 |      39 |       5 |  11.4 |      22 |       3 |  12.0
        D:2 |      39 |       0 |   0.0 |      21 |       0 |   0.0
        D:3 |     101 |      21 |  17.2 |      20 |       5 |  20.0
        D:4 |      67 |       0 |   0.0 |      10 |       0 |   0.0
      Sewer |       0 |     204 | 100.0 |       0 |      26 | 100.0
            +---------+---------+-------+---------+---------+-------
